 Dungeon Crawl Stone Soup version 0.31-a0-846-gb3bcc0d938 (webtiles) character file.

Game seed: 13754989697419436563

893 DeathSun the Basher (level 8, 0/46 HPs)
             Began as a Gargoyle Fighter on Oct 4, 2023.
             Slain by Prince Ribbit (13 damage)
             ... on level 6 of the Dungeon.
             The game lasted 00:09:46 (4941 turns).

DeathSun the Basher (Gargoyle Fighter)              Turns: 4941, Time: 00:09:46

Health: 0/46       AC: 19    Str: 21    XL:     8   Next: 6%
Magic:  8/8        EV: 10    Int: 10    God:
Gold:   229        SH:  4    Dex:  9    Spells: 7/7 levels left

rFire   . . .        o - +0 morningstar
rCold   + . .        c - +0 buckler
rNeg    + . .        D - +4 ring mail
rPois   ∞            r - +2 helmet
rElec   +            (no cloak)
rCorr   .            z - +0 pair of gloves
SInv    .            (no boots)
Will    .....        (no amulet) Stlth
                     k - ring of protection from cold
HPRegen 0.27/turn    (no ring)
MPRegen 0.11/turn

%: no passive effects
@: no status effects
A: sickness immunity, AC +5, negative energy resistance 1, electricity
resistance, torment resistance 1, petrification resistance
a: no special abilities


You were on level 6 of the Dungeon.
You visited 1 branch of the dungeon, and saw 6 of its levels.

You collected 229 gold pieces.

Inventory:

Hand Weapons
 a - a +0 flail
 o - a +0 morningstar (weapon)
Missiles
 u - 19 poisoned darts (quivered)
 A - a throwing net
Armour
 b - a +0 scale mail
 c - a +0 buckler (worn)
 r - a +2 helmet (worn)
 z - a +0 pair of gloves (worn)
 C - the +0 chain mail of Calculation {+Blink rN+ Str+2 Dex-2}
   (You found it on level 3 of the Dungeon)

   Str+2:     It affects your strength (+2).
   Dex-2:     It affects your dexterity (-2).
   rN+:       It protects you from negative energy.
   +Blink:    It lets you blink.
 D - a +4 ring mail (worn)
Jewellery
 k - a ring of protection from cold (left hand)
 x - a ring of wizardry
Scrolls
 e - 2 scrolls of enchant weapon {unknown}
 f - 2 scrolls of immolation {unknown}
 g - 2 scrolls of vulnerability {unknown}
 h - 5 scrolls of fear {unknown}
 i - a scroll of identify {unknown}
 p - a scroll of silence {unknown}
 w - 2 scrolls of blinking {unknown}
 y - a scroll of torment {unknown}
 E - a scroll of teleportation {unknown}
Potions
 d - a potion of might
 j - a potion of berserk rage {unknown}
 l - a potion of enlightenment {unknown}
 m - 2 potions of curing
 n - a potion of haste {unknown}
 q - a potion of ambrosia {unknown}
 s - a potion of degeneration {unknown}
 t - a potion of magic {unknown}
 v - a potion of attraction {unknown}
 B - 2 potions of experience {unknown}


   Skills:
 - Level 3.2 Fighting
 * Level 9.1 Maces & Flails
 - Level 3.2 Armour
 - Level 3.2 Shields


You had 7 spell levels left.
You didn't know any spells.
Your spell library was empty.

Dungeon Overview and Level Annotations

Branches:
Dungeon (6/15)
 Temple: D:4-7

Altars:
Cheibriados
Gozag
Kikubaaqudgha

Shops:
D:4 [

Annotations:
D:5 2 runed translucent doors, iamserjio's ghost, novice OpCK
D:6 Prince Ribbit


Innate Abilities, Weirdness & Mutations

You are immune to sickness and miasma.
Your stone body is resilient. (AC +5)
You are immune to poison.
You resist negative energy. (rN+)
You are resistant to electric shocks. (rElec)
You are resistant to unholy torment.
You are immune to petrification.


Message History

You sock the orc!
You kill the orc!
Something hits you but does no damage. You block something's attack.
Something hits you.
You barely miss the orc. You block the orc's attack. Something hits you.
You sock the orc!
You kill the orc!
An orc wizard appears from thin air!
Reactivating autopickup.
The orc wizard barely misses you.
You closely miss the orc wizard.
The orc wizard hits you but does no damage.
You puncture the orc wizard!
The orc wizard is almost dead.
You block the orc wizard's attack.
You closely miss the orc wizard.
The orc wizard is almost dead.
You block the orc wizard's attack.
You puncture the orc wizard!
You kill the orc wizard!
Things that are here:
a +0 dagger; a +0 robe
Found 13 gold pieces.
Prince Ribbit comes into view.
Prince Ribbit croaks.
A bullfrog comes into view.
Prince Ribbit blinks!
You see here a potion of curing.
You thump Prince Ribbit!
Prince Ribbit is moderately wounded.
Prince Ribbit hits you!
Prince Ribbit hops awkwardly around.
Prince Ribbit hits you!
* * * LOW HITPOINT WARNING * * *
The bullfrog gives a loud, deep croak!
Prince Ribbit attacks as he pursues you!
Prince Ribbit closely misses you.
Prince Ribbit attacks as he pursues you!
Prince Ribbit hits you!
You die...

....##.............#...
........................
o.F..#......#####.......
..........)...# #........
...$...)!...#....#.......
#...........#.....#......
............###...##...##
#......F....F..........#
#.........##@#####.
#####...............
#.....#.........
#.......#....... ........
....... ........ ##...##
. ...#. .#.# #+###. .#..
.. #


You could see Prince Ribbit and a bullfrog.

Vanquished Creatures
  A water moccasin (D:5)
  3 centaurs
  A howler monkey (D:4)
  2 orc priests
  2 hounds
  3 iguanas
  3 orc wizards
  A mummy (D:5)
  7 gnolls (D:4)
  8 adders
  A white imp (D:5)
  2 dart slugs
  12 orcs
  3 endoplasms
  A giant cockroach (D:3)
  3 goblins
  6 hobgoblins
  4 jackals (D:1)
  8 quokkas
  4 ball pythons
  5 bats
  2 frilled lizards (D:1)
  6 kobolds
  4 rats
92 creatures vanquished.

Notes
Turn   | Place    | Note
-------+----------+-------------------------------------------
     0 | D:1      | DeathSun the Gargoyle Fighter began the quest for the Orb.
     0 | D:1      | Reached XP level 1. HP: 14/14 MP: 1/1
    59 | D:1      | Reached XP level 2. HP: 19/19 MP: 2/2
   177 | D:1      | Reached skill level 3 in Maces & Flails
   354 | D:1      | Reached XP level 3. HP: 23/23 MP: 3/3
  1405 | D:2      | Found a faded altar of an unknown god.
  1589 | D:3      | Reached skill level 4 in Maces & Flails
  1634 | D:3      | Reached XP level 4. HP: 25/28 MP: 4/4
  1776 | D:3      | Identified the +2 arbalest of Karma {antimagic, Dex+4}
  1883 | D:3      | Noticed a centaur
  1897 | D:3      | Killed a centaur
  1898 | D:3      | Reached skill level 5 in Maces & Flails
  1898 | D:3      | Reached XP level 5. HP: 21/32 MP: 5/5
  2162 | D:3      | Identified the +0 chain mail of Calculation {+Blink rN+
                  | Str+2 Dex-2}
  2454 | D:4      | Reached skill level 6 in Maces & Flails
  2454 | D:4      | Reached XP level 6. HP: 37/37 MP: 6/6
  2664 | D:4      | Found an ancient bone altar of Kikubaaqudgha.
  3252 | D:4      | Found Iciodot's Armour Boutique.
  3429 | D:4      | Identified the +4 long sword of Hemife {flame, rPois rCorr
                  | Int+5 Dex-2}
  3683 | D:5      | Entered Level 5 of the Dungeon
  3700 | D:5      | Found an opulent altar of Gozag.
  3766 | D:5      | Reached skill level 7 in Maces & Flails
  3872 | D:5      | Found a snail-covered altar of Cheibriados.
  3888 | D:5      | Reached XP level 7. HP: 39/41 MP: 7/7
  3977 | D:5      | Found a runed translucent door.
  3981 | D:5      | Noticed iamserjio's ghost (novice OpCK)
  4243 | D:5      | Found a runed translucent door.
  4343 | D:5      | Reached skill level 8 in Maces & Flails
  4905 | D:6      | Reached skill level 9 in Maces & Flails
  4905 | D:6      | Reached XP level 8. HP: 28/46 MP: 8/8
  4933 | D:6      | Noticed Prince Ribbit
  4941 | D:6      | Slain by Prince Ribbit

Illustrated notes

Levels and vault maps discovered:
D:1:      minmay_arrival_split_and_join, layout_rooms
D:2:      layout_basic, chequers_ecumenical_altar_grove
D:3:      layout_basic
D:4:      layout_gridville, lemuel_doored_altar, serial_shops,
          nicolae_shop_tiny_real_fake_doors, dreamdust_gnoll_farm
D:5:      layout_gridville, slow_altar_1, grunt_gozag_statues,
          ebering_ghost_sewer_f, serial_bayou_pond_b, nicolae_nh_ransacked_shop
D:6:      layout_rooms, minmay_temple_entry_hall, portal_sewer_entry_e,
          uniq_prince_ribbit1

Skill      XL: |  1  2  3  4  5  6  7 |
---------------+----------------------+-----
Maces & Flails | 3 4 5 6 7 9 |  9.1
Fighting       | |  3.2
Armour         | |  3.2
Shields        | |  3.2

Action                     |  1- 3 |  4- 6 |  7- 9 || total
---------------------------+-------+-------+-------++-------
  Melee: Flail             |    83 |       |       ||    83
         Morningstar       |    22 |   171 |   100 ||   293
  Throw: Dart              |       |     9 |     1 ||    10
    Use: Potion            |       |       |     1 ||     1
 Armour: Scale mail        |    85 |   140 |       ||   225
         Ring mail         |       |    13 |    99 ||   112
  Dodge: Dodged            |    54 |    82 |    50 ||   186
  Block: Buckler           |    23 |    36 |    20 ||    79

Table legend: (Time is in decaauts)
 A = Elapsed time spent in this place.
 B = Non-inter-level travel time spent in this place.
 C = Inter-level travel time spent in this place.
 D = Time resting spent in this place.
 E = Time spent auto-exploring this place.
 F = Levels seen in this place.
 G = Mean time per level.
                   A        B        C        D        E       F      G
               +--------+--------+--------+--------+--------+-----+--------+
         Total |   5032 |   4632 |    400 |      0 |   3492 |   6 |  838.7 |
       Dungeon |   5032 |   4632 |    400 |      0 |   3492 |   6 |  838.7 |
               +--------+--------+--------+--------+--------+-----+--------+

Top non-repeatable levels by time:
     D:4: 1199 daAuts
     D:5: 1193 daAuts
     D:3: 1079 daAuts
     D:2: 758 daAuts
     D:1: 716 daAuts
     D:6: 85 daAuts
